 Dungeon Crawl Stone Soup version 0.28.0-43-g3370ac3207 (webtiles) character file.

Game seed: 12276323039579375735

178213 fragbeetle the Brawler (level 17, -11/157 (166) HPs)
             Began as a Troll Gladiator on Mar 8, 2022.
             Was a Priest of Wu Jian.
             Mangled by a tengu reaver
             ... wielding a +2 halberd of protection
              (25 damage)
             ... on level 1 of the Vaults on Mar 9, 2022.
             The game lasted 01:45:05 (30489 turns).

fragbeetle the Brawler (Troll Gladiator)           Turns: 30489, Time: 01:45:06

HP:   -11/157 (166) AC: 17    Str: 28    XL:     17   Next: 27%
MP:   16/16         EV: 15    Int:  6    God:    Wu Jian [***...]
Gold: 789           SH:  0    Dex: 13    Spells: 16/16 levels left

rFire   x . .      SeeInvis .     - Unarmed
rCold   + . .      Faith    .   (no shield)
rNeg    . . .      Spirit   .   d - +0 storm dragon scales
rPois   +          Reflect  .   b - +0 hat
rElec   +          Harm     .   N - +0 cloak
rCorr   +          Rampage  .   (gloves unavailable)
Will    ++...                   (boots unavailable)
Stlth   ..........              o - amulet of regeneration
HPRegen 1.96/turn               K - ring "Yleome" {Fly Will+}
MPRegen 0.15/turn               p - ring "Pacvem" {Ice rPois rCorr Slay+3}

@: in a heavenly storm, flying, glowing, drained
A: large, unfitting armour, claws 3, regeneration 1, shaggy fur 1, tough skin 1
}: 1/15 runes: serpentine
a: Renounce Religion, Wall Jump, Serpent's Lash


You were on level 1 of the Vaults.
You worshipped Wu Jian.
Wu Jian was most pleased with you.
You visited 6 branches of the dungeon, and saw 29 of its levels.
You also visited: Bailey and Ice Cave.

You collected 2421 gold pieces.
You spent 1632 gold pieces at shops.

Inventory:

Hand Weapons
 F - a +6 short sword of electrocution
 H - the +8 glaive of the Guard {elec, spectral, AC+5}
   (You found it on level 4 of the Snake Pit)

   It occasionally discharges a powerful burst of electricity upon striking a
   foe.
   When it strikes, its spirit leaps out and fights alongside the wielder.
   AC:        It affects your AC (+5).
Missiles
 c - 6 throwing nets
 e - 12 boomerangs (quivered)
 v - a large rock
 J - 4 silver boomerangs
 R - 9 javelins
 Y - 3 curare-tipped darts
Armour
 b - a +0 hat (worn)
 d - +0 storm dragon scales (worn)
 j - a +1 kite shield of protection
 N - a +0 cloak (worn)
 W - quicksilver dragon scales
Jewellery
 a - a +4 ring of slaying
 l - a ring of see invisible
 o - an amulet of regeneration (around neck)
 p - the ring "Pacvem" (right claw) {Ice rPois rCorr Slay+3}
   (You bought it in a shop on level 3 of the Dungeon)

   [ring of ice]

   It enhances your ice magic.
   Slay:      It affects your accuracy & damage with ranged weapons and melee
   (+3).
   rF:        It makes you vulnerable to fire.
   rC:        It protects you from cold.
   rPois:     It protects you from poison.
   rCorr:     It protects you from acid and corrosion.
 K - the ring "Yleome" (left claw) {Fly Will+}
   (You bought it in a shop on level 3 of the Dungeon)

   [ring of flight]

   Fly:       It grants you flight.
   Will:      It increases your willpower.
 O - a ring of protection from fire
Wands
 t - a wand of polymorph (31)
 A - a wand of iceblast (8)
 C - a wand of paralysis (3)
 D - a wand of flame (43)
 Q - a wand of charming (13)
 T - a wand of acid (25)
Scrolls
 h - 4 scrolls of magic mapping
 i - 20 scrolls of teleportation
 n - 2 scrolls of holy word
 u - 9 scrolls of fog
 x - 6 scrolls of blinking
 y - 5 scrolls of enchant weapon
 E - 4 scrolls of immolation
 P - a scroll of torment {unknown}
 S - 4 scrolls of fear
 U - a scroll of brand weapon {unknown}
 X - 3 scrolls of enchant armour
 Z - 3 scrolls of vulnerability
Potions
 g - 5 potions of invisibility
 k - 5 potions of attraction
 q - a potion of cancellation
 s - 2 potions of berserk rage
 w - 4 potions of haste
 z - 4 potions of resistance
 B - 5 potions of mutation
 G - 2 potions of ambrosia
 I - a potion of magic {unknown}
 L - 6 potions of lignification
 M - 4 potions of curing
Miscellaneous
 f - a condenser vane
 m - a phial of floods
 V - a box of beasts


   Skills:
 - Level 10.0 Fighting
 - Level 10.0 Throwing
 - Level 10.0 Armour
 - Level 10.0 Dodging
 - Level 20.0 Unarmed Combat
 + Level 9.3 Evocations


You had 16 spell levels left.
You didn't know any spells.
Your spell library contained the following spells:

 Spells                   Type           Power      Damage    Failure   Level
 Animate Skeleton         Necr           0%         N/A       91%         1
 Foxfire                  Conj/Fire      0%         2x1d4     91%         1
 Freeze                   Ice            0%         1d3       91%         1
 Pain                     Necr           0%         1d4       91%         1
 Static Discharge         Conj/Air       0%         N/A       97%         2
 Conjure Flame            Conj/Fire      0%         6-21      99%         3
 Frozen Ramparts          Ice            0%         1d2       99%         3
 Gell's Gravitas          Tloc           0%         N/A       99%         3
 Inner Flame              Hex/Fire       0%         N/A       99%         3
 Lesser Beckoning         Tloc           0%         N/A       99%         3
 Ozocubu's Armour         Ice            0%         N/A       99%         3
 Teleport Other           Tloc           0%         N/A       99%         3
 Tukima's Dance           Hex            0%         N/A       99%         3
 Vampiric Draining        Necr           0%         2d6       99%         3
 Airstrike                Air            0%         N/A       100%        4
 Flame Wave               Conj/Fire      0%         2d4       100%        4
 Hailstorm                Conj/Ice       0%         3d3       100%        4
 Ice Form                 Ice/Tmut       0%         N/A       100%        4
 Passage of Golubria      Tloc           0%         N/A       100%        4
 Summon Ice Beast         Ice/Summ       0%         N/A       100%        4
 Summon Lightning Spire   Summ/Air       0%         N/A       100%        4
 Alistair's Intoxication  Tmut/Pois      0%         N/A       100%        5
 Borgnjor's Vile Clutch   Necr/Erth      0%         N/A       100%        5
 Fireball                 Conj/Fire      0%         3d3       100%        5
 Lightning Bolt           Conj/Air       0%         1d11      100%        5
 Metabolic Englaciation   Hex/Ice        0%         N/A       100%        5
 Yara's Violent Unravell  Hex/Tmut       0%         3d3       100%        5
 Eringya's Noxious Bog    Tmut/Pois      0%         N/A       100%        6
 Simulacrum               Ice/Necr       0%         N/A       100%        6
 Starburst                Conj/Fire      0%         6d3       100%        6
 Ozocubu's Refrigeration  Ice            0%         4d5       100%        7
 Ignition                 Fire           0%         3d3       100%        8
 Maxwell's Capacitive Co  Air            0%         ∞         100%        8
 Polar Vortex             Ice            0%         N/A       100%        9


Dungeon Overview and Level Annotations

Branches:
Dungeon (15/15)            Temple (1/1) D:7            Lair (6/6) D:9
 Shoals (0/4) Lair:4        Snake (4/4) Lair:2        Slime (0/5) Lair:5
    Orc (2/2) D:9             Elf (0/3) Orc:2        Vaults (1/5) D:14
 Depths (0/4) D:15         Bailey (visited)           IceCv (visited)

Altars:
Ashenzari
Cheibriados
Dithmenos
Elyvilon
Fedhas
Gozag
Hepliaklqana
Kikubaaqudgha
Makhleb
Nemelex Xobeh
Okawaru
Qazlal
Ru
Sif Muna
Trog
Uskayaw
Vehumet
Wu Jian
Xom
Yredelemnul
Zin
The Shining One
Jiyva

Shops:
D:3 =   D:9 (   Orc:2 [=?*   Snake:2 (?*   Snake:3 =![


Innate Abilities, Weirdness & Mutations

You are too large for most types of armour.
You have claws for hands.
Your natural rate of healing is unusually fast.
You are covered in fur. (AC +1)
You have tough skin. (AC +1)


Message History

The tengu reaver is moderately wounded.
The tengu reaver casts a spell at you. The bolt of cold hits you! You resist.
Unknown command.
You scratch the tengu reaver.
You claw the tengu reaver, but do no damage.
The tengu reaver is moderately wounded.
Unknown command.
You fail to use your ability.
The tengu reaver casts a spell at you. The bolt of fire hits you!!!
The fire burns you terribly!
You fail to use your ability.
The tengu reaver barely misses you. The tengu reaver pecks you.
The tengu reaver claws you but does no damage.
The air is filled with shimmering golden clouds!
Sifu Xiang Ba says: The storm will not cease as long as you keep fighting, disciple!
You can no longer summon a storm of heavenly clouds.
The tengu reaver closely misses you. The tengu reaver pecks you.
The tengu reaver closely misses you.
Unknown command.
You closely miss the tengu reaver. You claw the tengu reaver.
The tengu reaver is moderately wounded.
The tengu reaver hits you with a +2 halberd of protection!!
* * * LOW HITPOINT WARNING * * *
The tengu reaver pecks you but does no damage.
The tengu reaver claws you but does no damage.
Unknown command.
You spin and attack the tengu reaver repeatedly.
You barely miss the tengu reaver.
The tengu reaver is moderately wounded.
You mangle the tengu reaver!!
The tengu reaver is heavily wounded.
The tengu reaver gestures at you while chanting.
The bolt of fire hits you!! The fire burns you terribly!
* * * LOW HITPOINT WARNING * * *
Your magical effects are unravelling.
You feel magically purged.
The sentinel's mark upon you fades away.
The tengu reaver hits you with a +2 halberd of protection!!
You die...

#################################
.....................†...........
......................†..........
.###########+##########'########'
.# #. #☼§☼........# #... .# #..#
#☼§§#...#...# #... .#
#pp#§§§#...#...# #(.. .#
#ccQ@###...###.# #... .#
#pk###☼§☼........# #... .# #
#§§§........# #... .#
#>..........# #... .#
#.###...###.# #... .#
#...#...#...# #... .#
#...#...#...# #... .#
#...........# #... .#
############# ####


You could see an ironbound preserver, a tengu reaver and a centaur warrior.

Vanquished Creatures
  Vashnia (Snake:2)
  Mlioglotl (Snake:2)
  2 quicksilver dragons (Snake:4)
  7 nagarajas
  A rockslime (IceCv)
  3 azure jellies (IceCv)
  2 vault wardens (Vaults:1)
  Louise (D:14)
  2 ironbound preservers (Vaults:1)
  4 quicksilver oozes (IceCv)
  An ironbound thunderhulk (Vaults:1)
  3 dire elephants (Vaults:1)
  9 naga warriors
  A yaktaur captain (Vaults:1)
  A rakshasa (D:15)
  2 vault guards
  4 anacondas
  5 boulder beetles
  4 salamander tyrants (Snake:4)
  3 centaur warriors
  3 ironbound frosthearts (Vaults:1)
  5 catoblepae
  4 two-headed ogres
  A death knight (D:14)
  6 hydras
  12 death yaks
  A tengu warrior (D:14)
  3 orc high priests (Orc:2)
  11 shock serpents
  Nergalle (Lair:4)
  12 naga sharpshooters
  2 salamander mystics
  A glowing orange brain (D:15)
  3 naga ritualists
  9 deep trolls (Vaults:1)
  2 lindwurms (Vaults:1)
  2 orange crystal statues (IceCv)
  5 orc knights
  13 ugly things
  2 ironbound convokers (Vaults:1)
  A deep elf pyromancer (D:15)
  5 orc sorcerers
  5 mana vipers
  2 manticores (Lair:6)
  5 salamanders
  15 elephants
  A cyclops (D:11)
  4 vault sentinels (Vaults:1)
  4 guardian serpents
  2 gargoyles (D:12)
  6 naga magi
  22 black mambas
  A torpor snail (Lair:5)
  An unseen horror (D:10)
  6 cane toads
  A cane toad (shapeshifter) (D:15)
  4 rime drakes
  10 komodo dragons
  5 yaktaurs (Vaults:1)
  A kobold demonologist (D:11)
  A tengu conjurer (D:14)
  An efreet (D:15)
  A merfolk (Lair:4)
  6 very ugly thing simulacra (IceCv)
  3 meliai (D:15)
  6 trolls
  4 entropy weaver simulacra (IceCv)
  2 hornets (D:8)
  2 polar bears (Lair:6)
  24 slime creatures
  A vampire (D:11)
  A shadow (D:10)
  6 spriggans (Bailey)
  6 basilisks
  68 yaks
  3 wyverns
  2 steam dragons
  4 wargs
  24 nagas
  7 vampire mosquitoes
  2 acid dragons
  3 demonic crawler simulacra (IceCv)
  12 water moccasins
  Duvessa (D:4)
  A hornet zombie (D:7)
  25 orc warriors
  A sky beast (D:6)
  2 ice beasts
  9 ogres
  A black bear (D:5)
  3 ugly thing simulacra (IceCv)
  15 wolves
  A necrophage (D:5)
  14 centaurs
  A phantom (D:4)
  14 bullfrogs
  3 scorpions
  Dowan (D:4)
  7 killer bees
  9 wights (D:7)
  3 howler monkeys
  2 electric eels
  2 centaur zombies
  A bullfrog zombie (D:5)
  19 orc priests
  2 hounds
  A jelly (D:8)
  A gnoll shaman (D:7)
  A bullfrog skeleton (D:6)
  An iguana (D:4)
  26 orc wizards
  2 howler monkey zombies
  7 gnolls
  6 adders
  A shadow imp (D:6)
  A white imp (D:8)
  An ufetubus (D:5)
  3 worms
  A dart slug (D:1)
  79 orcs
  9 ball pythons
  A bat (D:1)
  6 endoplasms
  4 giant cockroaches
  7 goblins
  6 hobgoblins
  12 jackals
  3 kobolds
  5 quokkas
  3 frilled lizards
  2 rats
  A butterfly (Lair:3)
772 creatures vanquished.

Vanquished Creatures (collateral kills)
  Maggie (D:8)
  An orc (D:8)
2 creatures vanquished.

Vanquished Creatures (others)
  An orc wizard (D:8)
  45 fungi
  51 plants
  7 toadstools (Lair:1)
104 creatures vanquished.

Grand Total: 878 creatures vanquished

Notes
Turn   | Place    | Note
-------+----------+-------------------------------------------
     0 | D:1      | fragbeetle the Troll Gladiator began the quest for the Orb.
     0 | D:1      | Reached XP level 1. HP: 19/19 MP: 0/0
   208 | D:1      | Reached XP level 2. HP: 26/28 MP: 1/1
   844 | D:2      | Reached XP level 3. HP: 35/35 MP: 2/2
   863 | D:2      | Found a faded altar of an unknown god.
   875 | D:2      | Found a sparkling altar of Nemelex Xobeh.
   922 | D:2      | Reached skill level 4 in Unarmed Combat
   941 | D:2      | Reached XP level 4. HP: 24/42 MP: 3/3
  1176 | D:2      | Reached skill level 5 in Unarmed Combat
  1347 | D:3      | Found Muofuer's One-of-a-Kind Rings.
  1486 | D:3      | Reached XP level 5. HP: 37/49 MP: 4/4
  1818 | D:3      | Reached skill level 6 in Unarmed Combat
  2070 | D:4      | Found a glowing golden altar of the Shining One.
  2110 | D:4      | Noticed a water moccasin
  2112 | D:4      | Noticed an ice beast
  2112 | D:4      | a water moccasin changed into an ice beast
  2118 | D:4      | Killed an ice beast
  2119 | D:4      | Reached XP level 6. HP: 51/57 MP: 5/5
  2237 | D:4      | Noticed Duvessa
  2237 | D:4      | Noticed Dowan
  2296 | D:5      | Entered Level 5 of the Dungeon
  2333 | D:5      | Reached skill level 7 in Unarmed Combat
  2480 | D:5      | Reached XP level 7. HP: 50/63 MP: 6/6
  2497 | D:5      | Reached skill level 8 in Unarmed Combat
  2947 | D:6      | Reached skill level 9 in Unarmed Combat
  3168 | D:6      | Reached XP level 8. HP: 71/71 MP: 7/7
  3229 | D:6      | Reached skill level 10 in Unarmed Combat
  3322 | D:6      | Found a shimmering blue altar of Sif Muna.
  3785 | D:4      | Reached skill level 1 in Evocations
  3853 | D:4      | Killed Duvessa
  3856 | D:4      | Killed Dowan
  4270 | D:7      | Found a flagged portal.
  4305 | Bailey   | Entered a bailey
  4378 | Bailey   | Reached XP level 9. HP: 62/79 MP: 8/8
  4414 | Bailey   | Reached skill level 5 in Evocations
  4548 | Bailey   | Noticed a two-headed ogre
  4556 | Bailey   | Killed a two-headed ogre
  4875 | D:7      | Reached XP level 10. HP: 80/100 MP: 9/9
  4958 | D:7      | Found a snail-covered altar of Cheibriados.
  5655 | D:7      | Found a staircase to the Ecumenical Temple.
  5812 | Temple   | Entered the Ecumenical Temple
  5964 | Temple   | Became a worshipper of the Wu Jian Council
  6081 | D:8      | Noticed Maggie
  6108 | D:8      | HP: 5/104 [Maggie/+2 long sword of freezing (3)]
  6110 | D:8      | Killed Maggie
  6296 | D:8      | Paralysed by a hornet for 3 turns
  6646 | D:8      | Noticed a centaur warrior
  6947 | D:8      | Reached * piety under Wu Jian
  7280 | D:9      | Found a hide-covered altar of Uskayaw.
  7293 | D:9      | Found a staircase to the Lair.
  7302 | D:9      | Reached skill level 10 in Fighting
  7579 | D:9      | Found Fewkojun's Weapon Shoppe.
  7585 | D:9      | Reached ** piety under Wu Jian
  7607 | D:9      | Reached XP level 11. HP: 84/117 MP: 10/10
  7682 | D:9      | Noticed a two-headed ogre
  7690 | D:9      | Killed a two-headed ogre
  7691 | D:9      | Reached skill level 11 in Unarmed Combat
  7774 | D:9      | Found a staircase to the Orcish Mines.
  7846 | D:9      | Noticed a two-headed ogre
  7854 | D:9      | Killed a two-headed ogre
  8225 | D:10     | Entered Level 10 of the Dungeon
  8280 | D:10     | Reached skill level 12 in Unarmed Combat
  8381 | D:10     | Reached skill level 1 in Armour
  9371 | D:11     | Noticed a seven-headed hydra
  9377 | D:11     | Killed a seven-headed hydra
  9461 | D:11     | Reached skill level 5 in Armour
 10113 | Lair:1   | Entered Level 1 of the Lair of Beasts
 10167 | Lair:1   | Noticed a six-headed hydra
 10180 | Lair:1   | Killed a six-headed hydra
 10181 | Lair:1   | Reached XP level 12. HP: 126/126 MP: 11/11
 10316 | Lair:1   | Reached *** piety under Wu Jian
 10317 | Lair:1   | Reached skill level 5 in Throwing
 10389 | Lair:1   | Noticed a boulder beetle
 10403 | Lair:1   | Killed a boulder beetle
 10732 | Lair:1   | Noticed a catoblepas
 10732 | Lair:1   | Noticed a catoblepas
 10752 | Lair:1   | Found a runed translucent door.
 11361 | Lair:2   | Noticed a death yak
 11362 | Lair:2   | Noticed a death yak
 11363 | Lair:2   | Noticed a death yak
 11394 | Lair:2   | Killed a death yak
 11400 | Lair:2   | Killed a death yak
 11408 | Lair:2   | Killed a death yak
 11659 | Lair:2   | Found a staircase to the Snake Pit.
 12445 | Lair:3   | Reached skill level 10 in Throwing
 13013 | Lair:4   | You fall into a shaft and drop 2 floors!
 13013 | Lair:6   | Entered Level 6 of the Lair of Beasts
 13049 | Lair:6   | Noticed a death yak
 13059 | Lair:5   | Reached **** piety under Wu Jian
 13178 | Lair:5   | Found a viscous altar of Jiyva.
 13179 | Lair:5   | Found a staircase to the Slime Pits.
 13313 | Lair:4   | Noticed Nergalle
 13342 | Lair:4   | HP: 3/126 [wolf (4)]
 13343 | Lair:4   | HP: 1/126 [wolf (8)]
 13347 | Lair:4   | Reached XP level 13. HP: 45/133 MP: 12/12
 13477 | Lair:4   | Identified the +3 ring mail "Suogamah" {rN+ Dex-2 Slay+4
                  | SInv}
 13490 | Lair:4   | Reached skill level 13 in Unarmed Combat
 13602 | Lair:4   | Killed Nergalle
 14166 | D:3      | Bought the ring "Yleome" {Fly Will+} for 391 gold pieces
 14425 | Lair:4   | Found a staircase to the Shoals.
 14982 | Lair:5   | Reached skill level 5 in Dodging
 15178 | Lair:6   | Found a snail-covered altar of Cheibriados.
 15649 | Lair:6   | Reached ***** piety under Wu Jian
 16420 | Lair:6   | Reached XP level 14. HP: 140/143 MP: 13/13
 16866 | Lair:6   | Reached skill level 10 in Dodging
 17103 | Lair:6   | Identified the +6 long sword of Disaster {freeze, Str+3}
 17583 | Orc:1    | Entered Level 1 of the Orcish Mines
 17732 | Orc:1    | Reached skill level 14 in Unarmed Combat
 17918 | Orc:1    | Got the Catalogue of the Congealing Mountains
 18068 | Orc:2    | Entered Level 2 of the Orcish Mines
 18662 | Orc:2    | Found a staircase to the Elven Halls.
 18866 | Orc:2    | HP: 2/143 [orc sorcerer/+0 dagger (7)]
 18976 | Orc:2    | Reached skill level 15 in Unarmed Combat
 19060 | Orc:2    | Found Digyleb's Antique Armour Shop.
 19066 | Orc:2    | Found Qavuomuq's Magic Scroll Emporium.
 19069 | Orc:2    | Found Eral's Assorted Antiques.
 19072 | Orc:2    | Found Houroger's Jewellery Emporium.
 19092 | Orc:2    | Bought a scroll of identify for 28 gold pieces
 19092 | Orc:2    | Bought a scroll of enchant armour for 105 gold pieces
 19092 | Orc:2    | Bought a scroll of blinking for 105 gold pieces
 19092 | Orc:2    | Bought a scroll of noise for 14 gold pieces
 19092 | Orc:2    | Bought a scroll of immolation for 49 gold pieces
 19100 | Orc:2    | Bought a scroll of identify for 52 gold pieces
 19100 | Orc:2    | Identified a scroll of acquirement
 19102 | Orc:2    | Acquired +0 storm dragon scales
 19418 | D:3      | Bought the ring "Pacvem" {Ice rPois rCorr Slay+3} for 707
                  | gold pieces
 19817 | D:12     | You are sucked into a shaft and drop 3 floors!
 19817 | D:15     | Entered Level 15 of the Dungeon
 19842 | D:15     | Found a frozen archway.
 19859 | IceCv    | Entered an ice cave
 20063 | IceCv    | Noticed a quicksilver ooze
 20069 | IceCv    | Killed a quicksilver ooze
 20134 | IceCv    | Noticed a quicksilver ooze
 20139 | IceCv    | Killed a quicksilver ooze
 20508 | IceCv    | Noticed a quicksilver ooze
 20517 | IceCv    | Killed a quicksilver ooze
 20621 | IceCv    | Noticed a quicksilver ooze
 20631 | IceCv    | Killed a quicksilver ooze
 20633 | IceCv    | Reached XP level 15. HP: 93/149 MP: 3/14
 20715 | IceCv    | Noticed a rockslime
 20724 | IceCv    | Killed a rockslime
 20724 | IceCv    | Noticed an azure jelly
 20734 | IceCv    | Killed an azure jelly
 20735 | IceCv    | Reached skill level 16 in Unarmed Combat
 20766 | IceCv    | Found a viscous altar of Jiyva.
 20769 | IceCv    | Noticed an azure jelly
 20769 | IceCv    | Noticed an azure jelly
 20781 | IceCv    | Killed an azure jelly
 20788 | IceCv    | Killed an azure jelly
 20818 | IceCv    | Got Qojuul's Papyrus of Snow
 20821 | IceCv    | Identified the ring of Enkola {Wiz Str+2 Int+6}
 21531 | D:15     | Found a staircase to the Depths.
 21896 | D:14     | Noticed Louise
 21906 | D:14     | Killed Louise
 22245 | D:14     | Found a gate to the Vaults.
 23970 | D:12     | Reached skill level 17 in Unarmed Combat
 24627 | Snake:1  | Entered Level 1 of the Snake Pit
 25693 | Snake:2  | Found Apsy's Magic Scroll Shop.
 25709 | Snake:2  | Bought a scroll of vulnerability for 127 gold pieces
 25735 | Snake:2  | Found Fyegetz's Weapon Emporium.
 25752 | Snake:2  | Noticed Mlioglotl
 25762 | Snake:2  | Killed Mlioglotl
 25763 | Snake:2  | Reached skill level 10 in Armour
 25805 | Snake:2  | Noticed Vashnia
 25816 | Snake:2  | Killed Vashnia
 26004 | Snake:2  | Reached skill level 18 in Unarmed Combat
 26018 | Snake:2  | Reached XP level 16. HP: 149/158 MP: 15/15
 26042 | Snake:2  | Found Nankyuduu's Gadget Gallery.
 26806 | Snake:3  | Found Iggirin's Distillery.
 26806 | Snake:3  | Found Utiwn's Jewellery Emporium.
 26820 | Snake:3  | Found Yfop Xybb's Armour Shop.
 26822 | Snake:3  | Bought a potion of lignification for 54 gold pieces
 27233 | Snake:3  | Reached skill level 19 in Unarmed Combat
 27588 | Snake:4  | Entered Level 4 of the Snake Pit
 27588 | Snake:4  | Found a blossoming altar of Fedhas.
 27778 | Snake:4  | Noticed a quicksilver dragon
 27783 | Snake:4  | Killed a quicksilver dragon
 28039 | Snake:4  | Reached skill level 20 in Unarmed Combat
 28152 | Snake:4  | Noticed a quicksilver dragon
 28168 | Snake:4  | Killed a quicksilver dragon
 28408 | Snake:4  | Found the +8 glaive of the Guard {elec, spectral, AC+5}
 29007 | Snake:4  | Got a serpentine rune of Zot
 29320 | Vaults:1 | Entered Level 1 of the Vaults
 29542 | Vaults:1 | Reached XP level 17. HP: 106/166 MP: 16/16
 30489 | Vaults:1 | Mangled by a tengu reaver

Illustrated notes

Levels and vault maps discovered:
D:1:      saegor_arrival_simple_a, layout_loops_ring, minmay_misc_feat_doors
D:2:      layout_loops_cross, basic_altar,
          hellmonk_ecumenical_altar_heavens_door
D:3:      layout_loops_ring, grunt_decor_one_mirror, nicolae_shop_unique_rings,
          minmay_vboxes
D:4:      layout_basic, tso_metal_star, uniq_duvessa
D:5:      layout_cave_pools
D:6:      layout_cave_pods, nicolae_sif_muna_little_library
D:7:      layout_loops_cross, mainiacjoe_overflow_paths,
          lemuel_temple_firewalk_b, enter_bailey_4, minmay_misc_feat_tiny,
          nicolae_concentric_dashed_squares_wild, minmay_bent
D:8:      layout_basic, kennysheep_island_fort, uniq_maggie
D:9:      layout_long_grid, lemuel_tele_altar, erik_lair_orcish_takeover,
          david_orc_4, serial_shops, nicolae_diamond_shop, minivault_25
D:10:     layout_gridville
D:11:     layout_basic
D:12:     layout_irregular_city, nicolae_two_hexagons,
          kennysheep_generic_room_13
D:13:     layout_basic, kennysheep_boxes
D:14:     layout_long_grid, david_vaults_5, hangedman_decor_slide_cut,
          minmay_misc_feat_columns, uniq_louise
D:15:     gammafunk_enter_depths_forms, layout_loops_cross,
          portal_ice_cave_entry_pillars_2
Temple:   hc_temple_tempest_star
Lair:1:   gammafunk_lair_enchanted_lake, layout_hall_layers,
          nzn_sisyphean_effort, grunt_megastairs_1, serial_bayou_shore_a
Lair:2:   layout_regular_city, guppyfry_snake_entry_island, lemuel_fruit_tree
Lair:3:   layout_roguey, nicolae_quartered_pool_medium, lemuel_fruit_fields,
          grunt_megastairs_2
Lair:4:   layout_regular_city, elwin_shoals_entry_rooms, uniq_nergalle
Lair:5:   layout_roguey, slime_altar_1
Lair:6:   evilmike_catoblepas_cave, layout_regular_city, basic_altar,
          serial_bayou_crossing
Snake:1:  layout_chambers
Snake:2:  layout_rooms, nicolae_stop_n_shop_2, nicolae_shop_gadgets,
          minmay_shop_star, uniq_vashnia, uniq_mlioglotl
Snake:3:  layout_honeycomb, drop_trap, nicolae_snake_serpentine_bazaar,
          serial_bayou_shore_b
Snake:4:  hellmonk_snake_rune_quicksilver_temple, layout_basic, basic_altar
Orc:1:    layout_caves, guppyfry_library_mini
Orc:2:    st_orc_elflike, layout_diamond_mine
Vaults:1: hangedman_vaults_hat, v_misc_2, vaults_mumra_minichess,
          nicolae_vaults_network_quincunx
          [nicolae_vaults_network_quincunx_subvault,
          nicolae_vaults_network_quincunx_subvault,
          nicolae_vaults_network_quincunx_subvault,
          nicolae_vaults_network_quincunx_subvault,
          nicolae_vaults_network_quincunx_subvault], hangedman_vaults_stream,
          v_misc_9, vaults_room_pools, layout_vaults_omnigrid

Skill      XL: |  1  2  3  4  5  6  7  8  9 10 11 12 13 14 15 16 17 |
---------------+----------------------------------------------------+-----
Throwing       | 2 4 10 | 10.0
Unarmed Combat | 4 5 6 7 9 10 12 13 15 18 20 | 20.0
Evocations     | 4 5 7 9 |  9.3
Fighting       | 7 10 | 10.0
Armour         | 6 7 10 | 10.0
Dodging        | 9 10 | 10.0

Action                   |  1- 3 |  4- 6 |  7- 9 | 10-12 | 13-15 | 16-18 || total
-------------------------+-------+-------+-------+-------+-------+-------++-------
Melee: Unarmed           |    82 |   129 |   175 |   630 |  1268 |   521 ||  2805
       Punch             |       |       |     7 |    41 |   152 |    64 ||   264
       Short sword       |       |       |       |     2 |     6 |       ||     8
Throw: Dart              |       |       |     1 |     8 |     2 |       ||    11
       Boomerang         |       |       |       |     6 |    22 |       ||    28
       Javelin           |       |       |       |     3 |       |       ||     3
       Large rock        |       |       |       |       |     1 |       ||     1
Invok: Lunge             |       |       |       |    27 |    73 |    43 ||   143
       Whirlwind         |       |       |       |    63 |   229 |    84 ||   376
       Serpent's Lash    |       |       |       |       |    13 |    11 ||    24
       Heavenly Storm    |       |       |       |       |     2 |     2 ||     4
Evoke: Wand              |       |     1 |     9 |    19 |     9 |     1 ||    39
       Phial of floods   |       |       |       |       |     1 |       ||     1
  Use: Potion            |       |     1 |     2 |     8 |     3 |     2 ||    16
       Scroll            |       |       |     4 |     8 |    10 |     6 ||    28
 Stab: Sleeping          |     1 |     1 |       |       |       |       ||     2
       Paralysed         |       |       |     6 |    15 |     6 |       ||    27
       Invisible         |       |       |     2 |       |       |       ||     2
       Distracted        |       |       |       |       |     1 |       ||     1
Armor: Robe              |    23 |    23 |    37 |       |       |       ||    83
       Steam dragon scal |       |       |     1 |    69 |       |       ||    70
       Troll leather arm |       |       |       |    92 |   121 |       ||   213
       Storm dragon scal |       |       |       |       |   209 |   163 ||   372
Dodge: Dodged            |    34 |    44 |    97 |   223 |   473 |   127 ||   998
